Map: Romanticide LE

Players

Massa

  • Race: Terran Terran
  • League: Platinum
  • Spawn Location: 11:00

SuperGau - Winner!

  • Race: Protoss Protoss
  • League: Diamond
  • Spawn Location: 5:00

VOD

Have the link to the VOD?

Description

Time

  • Played on: Jan. 23, 2021, 5:37 a.m.
  • Length: 10:39
Show
View Real Time Build Order
Export as new Build Order

Massa Terran 

Build Orders:  

Get SALT Encoding   

  12  0:00  SCV  
  13  0:12  SCV  
  14  0:17  Supply Depot  
  14  0:24  SCV  
  15  0:39  SCV  
  15  0:40  Barracks  
  16  0:46  Refinery  
  16  0:51  SCV  
  17  1:03  SCV  
  18  1:15  SCV  
  19  1:27  SCV  
  20  1:34  Barracks Reactor  
  20  1:38  Command Center  
  20  1:47  Orbital Command  
  20  2:03  Supply Depot  
  20  2:07  Factory  
  20  2:10  Marine  
  20  2:14  Marine  
  22  2:19  SCV  
  23  2:32  Marine  
  23  2:33  Marine  
  24  2:57  Marine x2  
  26  3:08  Orbital Command  
  26  3:09  Bunker  
  26  3:14  Engineering Bay  
  26  3:15  Factory Tech Lab, Marine x2  
  28  3:31  SCV  
  28  3:33  Marine x2  
  28  3:43  SCV  
  28  3:47  Cyclone  
  29  3:58  Marine x2  
  29  4:02  Mag-Field Accelerator  
  31  4:16  Marine x2  
  28  4:33  Marine  
  28  4:34  Marine  
  30  4:43  SCV x2  
  32  4:51  Marine  
  33  4:55  SCV x2  
  33  4:56  Command Center  
  33  5:07  SCV x2  
  33  5:10  Marine x2  
  30  5:21  Refinery x2  
  26  5:28  Marine x2  
  26  5:30  Missile Turret  
  28  5:46  Barracks, Marine x2  
  28  5:47  Barracks  
  28  5:48  Barracks  
  26  5:52  Cyclone  
  27  6:04  Marine x2  
  23  6:25  Cyclone  
  26  6:53  Marine  
  25  6:57  Cyclone  
  24  7:02  Marine  
  25  7:11  Marine  
  25  7:13  Marine  
  19  7:47  Cyclone, Marine  
  19  7:48  Marine  
  19  7:49  Marine x3  
  19  7:51  SCV  
  24  7:57  SCV  
  24  8:05  Marine  
  25  8:06  Marine  
  25  8:07  Marine x3  
  25  8:09  SCV  
  24  8:21  SCV  
  24  8:23  Marine  
  24  8:24  Marine x2  
  28  8:34  Command Center  
  28  8:36  SCV  
  29  8:44  Marine  
  30  8:48  SCV  
  30  9:40  Orbital Command  
  20  9:58  Marine  
  20  9:59  Marine x4  
  21  10:16  Marine  
  21  10:18  SCV  
Show
View Real Time Build Order
Export as new Build Order

SuperGau Protoss - Winner!

Build Orders: Proxy Void Ray 

Get SALT Encoding   

  12  0:10  Pylon  
  12  0:13  Probe (Chrono Boost)  
  13  0:23  Probe (Chrono Boost)  
  13  0:28  Probe (Chrono Boost)  
  15  0:36  Gateway  
  15  0:43  Probe  
  15  0:49  Assimilator  
  16  0:55  Probe  
  17  0:58  Assimilator  
  17  1:07  Probe (Chrono Boost)  
  19  1:19  Probe (Chrono Boost)  
  19  1:23  Cybernetics Core  
  19  1:34  Pylon  
  19  1:41  Probe  
  20  1:53  Probe  
  21  2:01  Stargate  
  21  2:05  Stalker  
  21  2:06  Probe  
  24  2:21  Shield Battery  
  24  2:28  Shield Battery  
  24  2:31  Shield Battery  
  24  2:42  Void Ray (Chrono Boost)  
  28  2:56  Pylon  
  28  3:00  Stargate  
  28  3:11  Shield Battery  
  28  3:16  Void Ray  
  32  3:35  Stalker (Chrono Boost)  
  34  4:00  Pylon  
  34  4:09  Pylon  
  34  4:18  Probe, Zealot  
  34  4:19  Pylon  
  37  4:28  Void Ray (Chrono Boost)  
  37  4:29  Void Ray (Chrono Boost)  
  41  4:47  Twilight Council  
  37  5:14  Void Ray (Chrono Boost)  
  37  5:23  Pylon  
  41  5:33  Probe  
  42  5:38  Gateway  
  42  5:41  Gateway  
  42  5:44  Gateway  
  42  5:48  Pylon  
  42  5:50  Probe  
  43  5:59  Void Ray (Chrono Boost)  
  43  6:23  Probe  
  44  6:34  Void Ray (Chrono Boost)  
  47  6:49  Void Ray (Chrono Boost), Nexus  
  51  7:04  Void Ray  
  55  7:15  Warp Gate (Chrono Boost)  
  55  7:18  Zealot x2  
  55  7:55  Pylon  
  55  8:08  Probe x2  
  53  8:20  Probe x2  
  47  8:32  Probe x2  
  49  8:35  Blink (Chrono Boost)  
  49  8:44  Probe  
  50  8:52  Probe  
  51  8:56  Probe  
  51  9:00  Stalker x4  
  60  9:04  Probe, Assimilator  
  60  9:08  Probe, Dark Shrine  
  62  9:16  Probe  
  63  9:20  Probe  
  64  9:28  Probe  
  64  9:29  Assimilator  
  64  9:50  Stalker  
  64  9:51  Stalker x3  
  68  9:56  Pylon  
  68  9:58  Pylon  
  64  10:06  Shield Battery  
  64  10:16  Stalker x4  
Tags
 
Add a new tag
Caveats
  • Supply blocks, unpowered buildings, or Contaminate may cause inaccurate times.
  • Supply counts are checked every 10 seconds.